 Seeded DCSS version 0.28-a0-206-gc2c9e32840 (webtiles) character file.

Game seed: 20210820 (custom seed)

42 muata the Caller (level 3, -5/24 HPs)
             Began as a Merfolk Summoner on Aug 20, 2021.
             Slain by a goblin (6 damage)
             ... led by Robin
             ... on level 2 of the Dungeon.
             The game lasted 00:05:58 (2055 turns).

muata the Caller (Merfolk Summoner)                 Turns: 2055, Time: 00:05:58

Health: -5/24      AC:  3    Str:  8    XL:     3   Next: 56%
Magic:  2/6        EV: 13    Int: 15    God:
Gold:   69         SH:  0    Dex: 14    Spells: 4/7 levels left

rFire   . . .      SeeInvis .   f - +0 whip
rCold   . . .      Faith    .   (no shield)
rNeg    . . .      Spirit   .   a - +0 robe
rPois   .          Reflect  .   c - +0 helmet
rElec   .          Harm     .   (no cloak)
rCorr   .          Rampage  .   (no gloves)
Will    .....                   (no boots)
Stlth   ++........              (no amulet)
HPRegen 0.08/turn               (no ring)
MPRegen 0.10/turn               (no ring)

@: no status effects
A: (nimble swimmer 2), mertail
a: no special abilities


You were on level 2 of the Dungeon.
You visited 1 branch of the dungeon, and saw 2 of its levels.

You collected 69 gold pieces.

Inventory:

Hand Weapons
 f - a +0 whip (weapon)
Armour
 a - a +0 robe (worn)
 c - a +0 helmet (worn)
Scrolls
 d - a scroll of enchant weapon {unknown}
 e - 2 scrolls of holy word {unknown}
 i - a scroll of vulnerability {unknown}
 j - a scroll of identify {unknown}
 k - a scroll of silence {unknown}
Potions
 b - a potion of berserk rage {unknown}
 g - a potion of mutation {unknown}
 h - a potion of degeneration {unknown}
 l - a potion of curing {unknown}


   Skills:
 + Level 3.6 Dodging
 - Level 2.1 Stealth
 + Level 2.6 Spellcasting
 + Level 4.4 Summonings


You had 4 spell levels left.
You knew the following spells:

 Your Spells              Type           Power      Damage    Failure   Level
a - Summon Small Mammal   Summ           60%        N/A       3%          1
b - Call Imp              Summ           15%        N/A       5%          2

Your spell library contained the following spells:

 Spells                   Type           Power      Damage    Failure   Level
 Call Canine Familiar     Summ           15%        N/A       11%         3
 Sting                    Tmut/Pois      4%         1d3       22%         1
 Summon Guardian Golem    Hex/Summ       8%         N/A       26%         3
 Poisonous Vapours        Pois/Air       2%         N/A       32%         2
 Summon Lightning Spire   Summ/Air       8%         N/A       63%         4
 Olgreb's Toxic Radiance  Pois           1%         N/A       91%         4


Dungeon Overview and Level Annotations

Branches:
Dungeon (2/15)

Altars:


Innate Abilities, Weirdness & Mutations

((You are quick and stealthy near water. (Stealth+, EV+, Speed+++)))
Your lower body shifts to a powerful aquatic tail in water.


Message History

The goblins go into a battle-frenzy!
Your crimson imp hits Robin.
You hit Robin.
Robin is moderately wounded.
Robin hits you with a +0 whip.
Your shadow imp barely misses Robin.
Your crimson imp hits Robin.
The hobgoblin hits you.
You hit Robin but do no damage.
Robin is heavily wounded.
Robin throws the goblin at you!
Your crimson imp hits Robin but does no damage.
Your shadow imp hits Robin.
Your crimson imp blinks!
The hobgoblin hits your shadow imp but does no damage.
Robin closely misses your crimson imp. The goblin hits you with a +0 club.
The goblin hits you but does no damage.
You catch the helpless Robin completely off-guard!
You hit Robin.
Robin is severely wounded.
Your crimson imp disappears in a puff of smoke!
Your shadow imp hits Robin.
The hobgoblin hits your shadow imp.
Robin throws the goblin at your shadow imp!
The goblin barely misses you. The goblin closely misses you.
The goblin hits you with a +0 dagger.
* * * LOW HITPOINT WARNING * * *
Your shadow imp gestures at the hobgoblin.
The hobgoblin writhes in agony!
The hobgoblin dies!
You closely miss Robin.
Robin is almost dead.
Your crimson imp closely misses the goblin.
The goblin misses you. The goblin hits you with a +0 club.
* * * LOW HITPOINT WARNING * * *
The goblin hits you but does no damage. Robin barely misses your shadow imp.
Your shadow imp hits Robin.
The hobgoblin misses you.
You hit Robin.
You kill Robin!
Your crimson imp hits the goblin.
The goblin dies!
The goblin hits you with a +0 club.
You die...

....### #...#
#......# ....#
###...####...†..##.#
...>..
..'...'...).....'..#
......
###...##........##.#
#.......#<......# #
#.......#.......#
#...))..#.#######
#.....)5#g.###
#.....?)@g...#
#......g5g......
#.......§.......
.'...............
+#............###
.....###.......
..... #........ ...
#.?......


You could see 2 hobgoblins, 2 goblins, a friendly crimson imp (summoned) and a
friendly shadow imp (summoned).

Vanquished Creatures
  Robin (D:2)
  A dart slug (D:1)
  A giant cockroach (D:1)
  3 goblins
  2 hobgoblins
  A quokka (D:1)
  2 ball pythons (D:1)
  A frilled lizard (D:1)
  2 kobolds (D:1)
14 creatures vanquished.

Vanquished Creatures (collateral kills)
  A worm (D:2)
  A dart slug (D:1)
  3 orcs (D:2)
  2 ball pythons (D:1)
  3 endoplasms (D:1)
  2 giant cockroaches (D:1)
  9 goblins
  4 hobgoblins
  3 jackals (D:2)
  A kobold (D:1)
  4 bats
  A frilled lizard (D:1)
  A rat (D:2)
35 creatures vanquished.

Grand Total: 49 creatures vanquished

Notes
Turn   | Place    | Note
-------+----------+-------------------------------------------
     0 | D:1      | muata the Merfolk Summoner began the quest for the Orb.
     0 | D:1      | Reached XP level 1. HP: 13/13 MP: 3/3
   316 | D:1      | Found a faded altar of an unknown god.
   501 | D:1      | Reached XP level 2. HP: 11/19 MP: 5/5
   504 | D:1      | Learned a level 2 spell: Call Imp
  1575 | D:1      | Reached XP level 3. HP: 24/24 MP: 1/6
  1855 | D:2      | Noticed Robin
  2054 | D:2      | HP: 1/24 [goblin[Robin] (5)]
  2055 | D:2      | Killed Robin
  2055 | D:2      | Slain by a goblin

Illustrated notes

Levels and vault maps discovered:
D:1:      dpeg_arrival_castle, layout_basic,
          dreamdust_ecumenical_altar_angels_and_demons
D:2:      layout_basic, uniq_robin

Skill      XL: |  1 |
---------------+----+-----
Dodging        | 3 |  3.6
Stealth        | |  2.1
Spellcasting   | |  2.6
Summonings     | |  4.4

Action                   || total
-------------------------++-------
Melee: Whip              ||    60
       Unarmed           ||     5
 Cast: Summon Small Mamm ||    12
       Call Imp          ||    28
 Stab: Sleeping          ||     1
       Distracted        ||     1
Armor: Robe              ||    30
Dodge: Dodged            ||    77

Table legend: (Time is in decaauts)
 A = Elapsed time spent in this place.
 B = Non-inter-level travel time spent in this place.
 C = Inter-level travel time spent in this place.
 D = Time resting spent in this place.
 E = Time spent auto-exploring this place.
 F = Levels seen in this place.
 G = Mean time per level.
                   A        B        C        D        E       F      G
               +--------+--------+--------+--------+--------+-----+--------+
         Total |   2049 |   2035 |     14 |    411 |   1043 |   2 | 1024.5 |
       Dungeon |   2049 |   2035 |     14 |    411 |   1043 |   2 | 1024.5 |
               +--------+--------+--------+--------+--------+-----+--------+

Top non-repeatable levels by time:
     D:1: 1729 daAuts
     D:2: 319 daAuts
